 Dungeon Crawl Stone Soup version 0.31-a0-237-g2d982f9f85 (webtiles) character file.

Game seed: 9606999759866658648

65 qw the Shooter (level 3, 0/29 HPs)
             Began as a Minotaur Hexslinger on July 10, 2023.
             Slain by an orc wizard
             ... wielding a +0 dagger
              (2 damage)
             ... on level 3 of the Dungeon.
             The game lasted 00:00:43 (1266 turns).

qw the Shooter (Minotaur Hexslinger)                Turns: 1266, Time: 00:00:43

Health: 0/29       AC:  2    Str: 12    XL:     3   Next: 92%
Magic:  3/3        EV: 12    Int: 10    God:
Gold:   87         SH:  0    Dex: 14    Spells: 3/4 levels left

rFire   . . .        Y - +1 sling
rCold   . . .        (no shield)
rNeg    . . .        h - +0 robe of the Eight Boll Weevils {Will+}
rPois   +            (helmet restricted)
rElec   .            (no cloak)
rCorr   .            (no gloves)
SInv    .            (no boots)
Will    +....        (no amulet)
Stlth   +            e - ring of poison resistance
HPRegen 0.24/turn    (no ring)
MPRegen 0.08/turn

%: no passive effects
@: about to teleport
A: horns 2, retaliatory headbutt
a: no special abilities


You were on level 3 of the Dungeon.
You visited 1 branch of the dungeon, and saw 3 of its levels.

You collected 87 gold pieces.


Innate Abilities, Weirdness & Mutations

You have a pair of horns on your head.
You reflexively headbutt those who attack you in melee.


   Skills:
 - Level 2.0 Fighting
 + Level 4.2 Ranged Weapons
 - Level 1.2 Armour
 - Level 2.1 Dodging
 - Level 1.0 Spellcasting
 - Level 2.0 Hexes


You had 3 spell levels left.
You knew the following spells:

 Your Spells              Type           Power      Damage    Failure   Level
a - Slow                  Hex            16%        N/A       16%         1

Your spell library contained the following spells:

 Spells                   Type           Power      Damage    Failure   Level
 Inner Flame              Hex/Fire       2%         N/A       56%         3
 Portal Projectile        Hex/Tloc       4%         N/A       56%         3
 Cause Fear               Hex            2%         N/A       83%         4

Inventory:

Hand Weapons
 Y - a +1 sling (weapon)
Armour
 c - the +0 leather armour of Wisdom {Harm rElec rC++ Str-5}
   (You found it on level 2 of the Dungeon)

   Str:       It affects your strength (-5).
   rC:        It greatly protects you from cold.
   rElec:     It insulates you from electricity.
   Harm:      It increases damage dealt and taken.
 h - the +0 robe of the Eight Boll Weevils (worn) {Will+}
   (You found it on level 2 of the Dungeon)

   Will:      It increases your willpower.
 j - a +0 ring mail
Jewellery
 e - a ring of poison resistance (left hand)
 m - a ring of ice
Scrolls
 i - a scroll of teleportation
Potions
 a - a potion of haste {unknown}
 f - a potion of lignification {unknown}
 g - a potion of degeneration {unknown}
 k - a potion of heal wounds {unknown}

Dungeon Overview and Level Annotations

Branches:
Dungeon (3/15)

Altars:


Message History

You shoot a sling bullet.
The sling bullet barely misses the orc wizard.
The orc wizard hits you with a +0 dagger.
You shoot a sling bullet.
The sling bullet closely misses the orc wizard.
The orc wizard barely misses you. You furiously retaliate!
You headbutt the orc wizard.
The orc wizard hits you with a +0 dagger.
The orc misses you.
You shoot a sling bullet.
The sling bullet barely misses the orc wizard.
The orc wizard barely misses you. The orc hits you with a +0 mace.
You shoot a sling bullet.
The sling bullet hits the orc wizard but does no damage.
The orc wizard is almost dead.
The orc wizard points at you and mumbles some strange words.
The puff of flame hits you!
The orc wizard mumbles some strange words.
The orc wizard flickers and vanishes!
Deactivating autopickup; reactivate with Ctrl-A.
You shoot a sling bullet.
The sling bullet closely misses the orc wizard.
Something hits you. The orc hits you with a +0 mace.
The orc wizard hits you but does no damage.
You shoot a sling bullet.
The sling bullet closely misses the orc wizard.
Something hits you. The orc barely misses you. The orc hits you with a +0 mace.
The orc wizard gestures wildly while chanting.
The orc wizard flickers and vanishes!
1265 ||| READING 2 scrolls of teleportation.
As you read the scroll of teleportation, it crumbles to dust.
You feel strangely unstable.
Something hits you. x2; The orc closely misses you.
You furiously retaliate!
You headbutt the orc!
You kill the orc!
The orc closely misses you.
You shoot a sling bullet.
The sling bullet closely misses the orc.
The orc hits you with a +0 mace. Something hits you.
You die...

####### . .....# ... ...
..#.# #.. ...##.#.# .
#..####>##.##.#.####
..#..##.........o{...#
..#..##.#.#.#.#.@)##..ooo
......#.#...##..{## ###
..#...#..........#
.............##..########
#.##..#......##..........
#.##..#......###.########
#.#...#..###.# #.#
......#..###.###.#
.......[.........#


You could see an orc.

Vanquished Creatures
  An adder (D:2)
  A dart slug (D:1)
  An orc (D:3)
  5 bats
  5 endoplasms
  A giant cockroach (D:2)
  3 hobgoblins
  3 kobolds
  4 quokkas (D:2)
  8 ball pythons
  5 frilled lizards
  8 goblins
  4 rats
49 creatures vanquished.

Notes
Turn   | Place    | Note
-------+----------+-------------------------------------------
     0 | D:1      | qw the Minotaur Hexslinger began the quest for the Orb.
     0 | D:1      | Reached XP level 1. HP: 16/16 MP: 1/1
     0 | D:1      | 0 ||| qw: Version: 0.3-a-52-g30416fa
     0 | D:1      | 0 ||| qw: Game counter: 5093
     0 | D:1      | 0 ||| qw: Melee chars always use a shield: true
     0 | D:1      | 0 ||| qw: God list: Okawaru
     0 | D:1      | 0 ||| qw: Allow faded altars: false
     0 | D:1      | 0 ||| qw: Do Orc after clearing Dungeon:15 true
     0 | D:1      | 0 ||| qw: Do second Lair branch before Depths: true
     0 | D:1      | 0 ||| qw: Lair rune preference: random
     0 | D:1      | 0 ||| qw: Goals: Normal
     0 | D:1      | 0 ||| PLANNING D:1-11
    81 | D:1      | Reached skill level 3 in Ranged Weapons
    82 | D:1      | Reached XP level 2. HP: 23/23 MP: 2/2
   111 | D:1      | 111 ||| FLEEEEING.
   115 | D:1      | 115 ||| FLEEEEING.
   129 | D:1      | 129 ||| FLEEEEING.
   636 | D:1      | Found a faded altar of an unknown god.
   643 | D:1      | 643 ||| UPGRADING to +0 ring mail.
   653 | D:1      | 653 ||| DROPPING +0 robe.
   654 | D:1      | 654 ||| UPGRADING to ring of poison resistance.
   655 | D:1      | 655 ||| DROPPING ring of flight.
   656 | D:1      | 656 ||| READING scroll labelled XAFFONWUPIZI.
   700 | D:1      | 700 ||| READING scroll labelled UMAATW YCSIQEZ.
   701 | D:1      | 701 ||| READING 2 scrolls labelled OCAIQU NIXE.
   705 | D:1      | 705 ||| DROPPING scroll of poison.
   736 | D:2      | Reached XP level 3. HP: 29/29 MP: 3/3
   782 | D:2      | Identified the +0 leather armour of Wisdom {Harm rElec rC++
                  | Str-5}
   835 | D:2      | Identified the +0 robe of the Eight Boll Weevils {Will+}
   939 | D:2      | Reached skill level 4 in Ranged Weapons
   956 | D:2      | Reached skill level 1 in Armour
  1151 | D:2      | 1151 ||| UPGRADING to +0 robe of the Eight Boll Weevils
                  | {Will+}.
  1161 | D:2      | 1161 ||| READING scroll labelled ZONWUUMIW ALEG.
  1162 | D:2      | 1162 ||| READING scroll labelled QUOMETWIPHY.
  1163 | D:2      | 1163 ||| READING 2 scrolls labelled KEARANWUARE.
  1164 | D:2      | 1164 ||| DRINKING 2 fuming black potions.
  1165 | D:2      | 1165 ||| DROPPING potion of brilliance.
  1166 | D:2      | 1166 ||| DROPPING scroll of amnesia.
  1255 | D:3      | 1255 ||| Stepping ~*~*~tactically~*~*~ (outnumbered).
  1264 | D:3      | HP: 6/29 [orc/+0 mace (4)]
  1265 | D:3      | 1265 ||| READING 2 scrolls of teleportation.
  1266 | D:3      | HP: 2/29 [orc/+0 mace (1)]
  1266 | D:3      | Slain by an orc wizard

Levels and vault maps discovered:
D:1:      zelgadis_glass_arrival_small, layout_loops_ring,
          chequers_ecumenical_altar_grove
D:2:      layout_rooms, minmay_tiny_reverse_x
D:3:      layout_loops_ring

Skill      XL: |  1  2  3 |
---------------+----------+-----
Ranged Weapons | 3 4 |  4.2
Fighting       | 2 |  2.0
Armour         | 1 |  1.2
Dodging        | |  2.1
Spellcasting   | |  1.0
Hexes          | |  2.0

Action                     || total
---------------------------++-------
   Fire: Sling             ||   123
    Use: Scroll            ||     7
         Potion            ||     1
 Armour: Robe              ||     4
         Ring mail         ||     9
  Dodge: Dodged            ||    29

Table legend:
 A = Non-vault XP
 B = Vault XP
 C = Vault XP percentage of total XP
 D = Non-vault monster count
 E = Vault monster count
 F = Vault count percentage of total count
                 A         B        C        D         E       F
            +---------+---------+-------+---------+---------+-------
      Total |      89 |       4 |   4.3 |      47 |       2 |   4.1
            +---------+---------+-------+---------+---------+-------
        D:1 |      36 |       0 |   0.0 |      23 |       0 |   0.0
        D:2 |      40 |       4 |   9.1 |      17 |       2 |  10.5
        D:3 |      13 |       0 |   0.0 |       7 |       0 |   0.0
            +---------+---------+-------+---------+---------+-------
